AoeStats
← xeniltildor

Black Forest

510216742Analyzed
4v4 RM · 3d ago on Sep 30, 2026· 84m 5s· 8 players
Game mode
Random Map
Map size
Large (8 player)
Population
200
Speed
Normal
Resources
Standard
Victory
Conquest
Starting age
Dark Age
Ending age
Imperial Age
RankedLock teamsTeams togetherTeam positionsShared explorationLock speedFull tech treeHidden civsTurbo modeCheats
Victory
Defeat
🇭🇰 Teutons · Hong Kong SAR China
1056
+15
🇺🇸 Italians · United States
1029
+16
🇲🇽 Vikings · Mexico
1026
+16
🇺🇸 Spanish · United States
882
+23
🇫🇷 Mapuche · France
1142
-21
🇰🇿 Danes · Kazakhstan
1048
-18
🇩🇪 Portuguese · Germany
1007
-17
🇫🇷 Huns · France
939
-14
xeniltildor
11:27 Feudal Age
15:58 Castle Age
14:11 Double-Bit Axe
14:07 Horse Collar
17:23 Heavy Plow
17:37 Bow Saw
31:13 Imperial Age
29:36 Padded Archer Armor
29:26 Fletching
29:06 Pikeman
30:06 Gold Mining
30:06 Stone Mining
30:06 Arson
31:15 Leather Archer Armor
31:58 Bodkin Arrow
32:49 Ballistics
33:30 Chemistry
33:16 Ring Archer Armor
32:47 Bracer
33:16 Conscription
35:18 Elite Organ Gun
38:35 Stone Shaft Mining
39:18 Bombard Tower
42:50 Halberdier
47:08 Two-Man Saw
55:36 Fortified Wall
62:35 Elite Skirmisher
jawsy_
8:38 Loom
11:17 Feudal Age
13:39 Double-Bit Axe
16:05 Castle Age
14:07 Horse Collar
14:34 Gold Mining
14:39 Fletching
17:39 Bow Saw
18:05 Bodkin Arrow
18:09 Crossbowman
33:29 Wheelbarrow
37:11 Gold Shaft Mining
36:41 Heavy Plow
36:59 Stone Mining
36:33 Elite Skirmisher
37:57 Padded Archer Armor
38:15 Forging
38:50 Stone Shaft Mining
41:36 Imperial Age
38:45 Pikeman
40:28 Malon
40:42 Malon
41:20 Leather Archer Armor
41:41 Iron Casting
41:49 Elite Kona
42:50 Conscription
43:08 Butalmapu
44:10 Crop Rotation
43:03 Halberdier
43:29 Elite Bolas Rider
45:37 Caravan
47:23 Blast Furnace
46:54 Ring Archer Armor
67:01 Ring Archer Armor
66:31 Scale Mail Armor
68:55 Ballistics
69:38 Chemistry
IceCube
1:24 Loom
13:44 Feudal Age
17:22 Castle Age
16:21 Scale Barding Armor
17:23 Forging
18:28 Double-Bit Axe
18:24 Horse Collar
19:31 Husbandry
19:51 Bloodlines
22:36 Chain Barding Armor
25:52 Gold Mining
26:59 Scale Mail Armor
36:31 Bow Saw
36:22 Heavy Plow
37:04 Wheelbarrow
36:18 Town Watch
36:31 Gold Mining
37:19 Stone Mining
38:14 Chain Mail Armor
37:58 Fletching
39:36 Hand Cart
39:33 Bodkin Arrow
40:18 Iron Casting
39:09 Hamask
43:37 Imperial Age
43:20 Arson
43:35 Squires
43:21 Gambesons
42:56 Pikeman
43:44 Onager
45:08 Plate Mail Armor
45:39 Blast Furnace
44:40 Bracer
44:56 Siege Onager
45:27 Halberdier
47:27 Conscription
48:32 Ballistics
49:13 Chemistry
48:23 Siege Engineers
48:41 Northmen's Fury
52:30 Hoardings
56:15 Caravan
59:48 Plate Barding Armor
59:26 Light Cavalry
Suko
1:58 Loom
13:22 Feudal Age
14:25 Double-Bit Axe
20:06 Castle Age
26:56 Stone Mining
32:17 Horse Collar
33:26 Forging
33:22 Scale Barding Armor
33:34 Bloodlines
32:44 Light Cavalry
34:12 Pikeman
36:42 Wheelbarrow
38:22 Hand Cart
39:38 Iron Casting
44:32 Imperial Age
42:18 Heavy Plow
42:43 Bow Saw
44:05 Husbandry
45:37 Chain Barding Armor
44:58 Cavalier
45:01 Hussar
46:49 Blast Furnace
46:34 Paladin
47:55 Plate Barding Armor
47:40 Caravan
59:13 Murder Holes
69:12 Conscription
75:24 Atheism
goldenboy54
9:21 Loom
15:32 Feudal Age
16:25 Horse Collar
16:29 Fishing Lines
19:26 Fletching
22:48 Castle Age
22:33 Double-Bit Axe
29:19 Wheelbarrow
29:23 Bloodlines
29:20 Husbandry
33:17 Hand Cart
33:06 Gillnets
33:31 Heavy Plow
35:19 Elite Skirmisher
40:09 Imperial Age
38:48 Gambesons
39:03 Squires
38:49 Arson
38:25 Pikeman
39:07 Scale Mail Armor
39:18 Forging
39:14 Scale Barding Armor
39:09 Padded Archer Armor
39:42 Ballistics
39:33 Fortified Wall
39:35 Masonry
41:36 Town Watch
41:56 Caravan
42:04 Caravan
41:59 Cavalier
41:59 Light Cavalry
43:12 Conscription
43:45 Chain Mail Armor
43:51 Chain Barding Armor
44:06 Iron Casting
43:27 Bodkin Arrow
43:48 Leather Archer Armor
44:36 Chemistry
43:22 Arrowslits
44:09 Architecture
43:35 Murder Holes
43:38 Gold Mining
43:39 Stone Mining
45:11 Bow Saw
44:38 Halberdier
44:55 Paladin
46:18 Plate Mail Armor
46:24 Plate Barding Armor
49:22 Ring Archer Armor
48:53 Bracer
49:54 Blast Furnace
50:09 Thumb Ring
50:58 Onager
58:18 Hussar
76:10 Two-Man Saw
Spaghetti
0:35 Loom
13:32 Feudal Age
14:40 Double-Bit Axe
18:26 Castle Age
18:01 Fishing Lines
20:15 Bow Saw
25:31 Scale Barding Armor
25:37 Forging
32:19 Gillnets
35:13 Imperial Age
34:10 Arson
35:11 Ballistics
35:25 Scale Mail Armor
36:00 Iron Casting
35:27 Onager
38:14 Conscription
38:07 Pirotechnia
39:45 Squires
40:53 Caravan
41:24 Chain Mail Armor
42:09 Blast Furnace
41:12 Padded Archer Armor
41:03 Fletching
42:25 Chemistry
41:36 Fortified Wall
41:22 Murder Holes
41:07 Treadmill Crane
41:38 Masonry
43:45 Plate Mail Armor
44:16 Blast Furnace
47:44 Light Cavalry
48:35 Bloodlines
48:26 Husbandry
47:58 Man-at-Arms
48:37 Bodkin Arrow
48:58 Leather Archer Armor
49:03 Chain Barding Armor
50:07 Hussar
57:11 Bombard Tower
57:21 Architecture
57:03 Careening
72:23 Plate Barding Armor
71:50 Bracer
72:20 Ring Archer Armor
[GDL]Dunitrid
2:17 Loom
11:14 Feudal Age
12:40 Town Watch
14:30 Forging
14:04 Man-at-Arms
15:44 Scale Mail Armor
26:08 Fishing Lines
29:14 Castle Age
29:08 Gold Mining
29:08 Stone Mining
29:44 Double-Bit Axe
30:42 Chain Mail Armor
31:03 Iron Casting
31:38 Squires
32:45 Bow Saw
32:20 Horse Collar
33:57 Gold Shaft Mining
42:42 Imperial Age
42:00 Fletching
42:10 Padded Archer Armor
42:16 Scale Barding Armor
42:37 Bodkin Arrow
43:06 Ballistics
43:52 Conscription
44:48 Chemistry
44:02 Masonry
46:30 Siege Engineers
45:52 Crossbowman
46:00 Elite Skirmisher
47:56 Caravan
48:15 Arbalester
51:08 Bogsveigar
51:11 Bracer
52:14 Onager
56:21 Treadmill Crane
57:11 Architecture
57:07 Bracer
57:59 Light Cavalry
59:02 Chain Barding Armor
69:23 Blast Furnace
76:29 Leather Archer Armor
76:44 Plate Mail Armor
80:00 Bogsveigar
80:05 Chieftains
79:26 Elite Berserk
79:33 Elite Varangian Guard
82:00 Pikeman
Teutons_CF
0:59 Loom
13:54 Feudal Age
14:25 Double-Bit Axe
15:10 Town Watch
16:34 Fletching
17:38 Man-at-Arms
26:48 Castle Age
24:42 Horse Collar
25:34 Padded Archer Armor
26:54 Stone Mining
29:40 Bow Saw
30:31 Heavy Plow
31:37 Elite Skirmisher
33:02 Wheelbarrow
36:17 Leather Archer Armor
35:57 Bodkin Arrow
41:55 Imperial Age
40:13 Guard Tower
41:28 Masonry
41:42 Caravan
42:21 Scale Mail Armor
43:15 Conscription
44:38 Ring Archer Armor
44:24 Chain Mail Armor
46:08 Chemistry
45:32 Arrowslits
46:47 Fortified Wall
48:31 Keep
48:48 Hand Cart
49:45 Plate Mail Armor
49:53 Pikeman
50:34 Squires
53:30 Halberdier
56:56 Heavy Scorpion
58:53 Crop Rotation
64:51 Two-Man Saw
68:10 Forging
67:50 Arson
69:43 Long Swordsman
70:08 Gambesons
74:01 Iron Casting
73:15 Two-Handed Swordsman
74:26 Two-Handed Swordsman
75:56 Champion
Connection lost

Rejoining the realm…

Still unreachable

The connection could not be restored.

Session expired

The server has moved on; the page needs a fresh start.